 Dungeon Crawl Stone Soup version 0.29.1-15-g9cfb28693d (webtiles) character file.

Game seed: 51721609349980859

93 BuddhaDhamma the Chopper (level 4, -3/39 HPs)
             Began as a Minotaur Berserker on Mar 9, 2023.
             Was a Believer of Trog.
             Slain by Natasha (6 damage)
             ... on level 2 of the Dungeon.
             The game lasted 00:02:30 (1387 turns).

BuddhaDhamma the Chopper (Minotaur Berserker)       Turns: 1387, Time: 00:02:30

Health: -3/39      AC:  5    Str: 24    XL:     4   Next: 36%
Magic:  3/3        EV: 11    Int:  4    God:    Trog [**....]
Gold:   86         SH:  0    Dex:  9    Spells: 3/3 levels left

rFire   . . .      SeeInvis .   a - +0 hand axe
rCold   . . .      Faith    .   (no shield)
rNeg    . . .      Spirit   .   d - +0 ring mail
rPois   .          Reflect  .   (helmet restricted)
rElec   .          Harm     .   (no cloak)
rCorr   .          Rampage  .   (no gloves)
Will    .....                   (no boots)
Stlth   ..........              (no amulet)
HPRegen 0.13/turn               (no ring)
MPRegen 0.08/turn               (no ring)

@: on berserk cooldown, slowed, very slow
A: horns 2, retaliatory headbutt
a: Renounce Religion, Berserk, Trog's Hand


You were on level 2 of the Dungeon.
You worshipped Trog.
Trog was pleased with you.
You visited 1 branch of the dungeon, and saw 2 of its levels.

You collected 86 gold pieces.

Inventory:

Hand Weapons
 a - a +0 hand axe (weapon)
Armour
 b - a +0 animal skin
 d - a +0 ring mail (worn)
Scrolls
 c - a scroll of enchant weapon {unknown}
 f - a scroll of silence {unknown}
 g - a scroll of immolation {unknown}
 i - a scroll of amnesia {unknown}
Potions
 e - a potion of heal wounds {unknown}
 h - a potion of cancellation {unknown}


   Skills:
 - Level 3.6 Fighting
 + Level 6.3 Axes
 - Level 2.4 Armour
 - Level 2.1 Dodging


You had 3 spell levels left.
You didn't know any spells.
Your spell library was empty.

Dungeon Overview and Level Annotations

Branches:
Dungeon (2/15)

Altars:

Annotations:
D:2 Natasha


Innate Abilities, Weirdness & Mutations

You have a pair of horns on your head.
You reflexively headbutt those who attack you in melee.


Message History

The bat hits you but does no damage. The bat barely misses you.
The bat hits you but does no damage. x2
The bat barely misses you. The bat hits you but does no damage.
The bat hits you. The bat barely misses you. The bat hits you.
The bat hits you but does no damage. The bat closely misses you.
Natasha casts a spell at you.
You feel as though you will be slow longer.
Natasha casts a spell at you. You resist with some effort.
You see here the felid corpse of Natasha.
The bat barely misses you. The bat hits you. The bat closely misses you.
Natasha barely misses you. You furiously retaliate!
You headbutt Natasha, but do no damage. The bat misses you.
You furiously retaliate!
You headbutt the bat. The bat closely misses you. You furiously retaliate!
You headbutt the bat!
You kill the bat!
Trog accepts your kill. Natasha closely misses you. The bat barely misses you.
You see here the felid corpse of Natasha.
The bat hits you but does no damage. Natasha claws you.
Things that are here:
a +0 club; a goblin corpse You miss Natasha.
You hit the bat.
You kill the bat!
Trog accepts your kill. Natasha casts a spell at you.
You feel as though you will be slow longer.
Natasha closely misses you. x2
Natasha claws you.
* * * LOW HITPOINT WARNING * * *
Found a stone staircase leading up.
Natasha stares at you and mumbles some strange words.
The magic dart hits you.
* * * LOW HITPOINT WARNING * * *
Natasha barely misses you. Natasha claws you.
* * * LOW HITPOINT WARNING * * *
You barely miss Natasha. Natasha barely misses you. You furiously retaliate!
You headbutt Natasha! Natasha claws you.
You die...

#..#....#...(...... .
#..#.##.##.####....
#.#####..#.##....# #....
........#.......####.)..
#.....#...............
##...#<......####....
~~###...)#.###.....##....
~~......h....'.....+.....
.~~.....@#)###.....##....
...~.....................
~..~.....#.#########.#.##
.~~......#.# #.#.#
.........#.# #.#.#
~........#.# #.#.#
.~.........# #.#.#
.~......<. #.#.# #.#.#


You could see Natasha.

Vanquished Creatures
  Natasha (twice) (D:2)
  2 worms (D:2)
  2 dart slugs (D:1)
  2 endoplasms (D:1)
  A giant cockroach (D:2)
  A goblin (D:2)
  A hobgoblin (D:1)
  7 jackals
  4 kobolds
  3 ball pythons (D:1)
  5 bats
  A rat (D:1)
31 creatures vanquished.

Notes
Turn   | Place    | Note
-------+----------+-------------------------------------------
     0 | D:1      | BuddhaDhamma the Minotaur Berserker began the quest for the
                  | Orb.
     0 | D:1      | Reached XP level 1. HP: 19/19 MP: 0/0
   248 | D:1      | Reached skill level 4 in Axes
   395 | D:1      | Reached XP level 2. HP: 21/26 MP: 1/1
   993 | D:2      | Reached skill level 5 in Axes
  1076 | D:2      | Noticed Natasha
  1089 | D:2      | Killed Natasha
  1090 | D:2      | Reached XP level 3. HP: 14/31 MP: 2/2
  1359 | D:2      | Noticed Natasha
  1367 | D:2      | Killed Natasha
  1368 | D:2      | Reached skill level 6 in Axes
  1368 | D:2      | Reached XP level 4. HP: 37/39 MP: 3/3
  1369 | D:2      | Reached ** piety under Trog
  1374 | D:2      | Noticed Natasha
  1387 | D:2      | Slain by Natasha

Illustrated notes

Levels and vault maps discovered:
D:1:      elethiomel_arrival_quiet, layout_basic, dreamdust_princess_bridge,
          minmay_domino_2
D:2:      cheibrodos_helix_gallery, layout_basic,
          ebering_ecumenical_altar_abandoned, uniq_natasha,
          uniq_crazy_yiuf_cottage

Skill      XL: |  1  2  3 |
---------------+----------+-----
Axes           | 4 5 6 |  6.3
Fighting       | |  3.6
Armour         | |  2.4
Dodging        | |  2.1

Action                   |  1- 3 |  4- 6 || total
-------------------------+-------+-------++-------
Melee: Hand axe          |    58 |     4 ||    62
       Headbutt          |     8 |       ||     8
       Punch             |     1 |       ||     1
Invok: Berserk           |     1 |       ||     1
Armor: Ring mail         |    22 |    10 ||    32
Dodge: Dodged            |    29 |    16 ||    45
